 Dungeon Crawl Stone Soup version 0.31-a0-988-g08d55dae12 (webtiles) character file.

Game seed: 9864634739097057031

42 BinkBink the Caller (level 3, -4/19 HPs)
             Began as a Deep Elf Summoner on Nov 4, 2023.
             Slain by a goblin
             ... wielding a +0 dagger
             ... led by Robin
              (6 damage)
             ... on level 2 of the Dungeon.
             The game lasted 00:05:47 (1210 turns).

BinkBink the Caller (Deep Elf Summoner)             Turns: 1210, Time: 00:05:48

Health: -4/19      AC:  2    Str:  5    XL:     3   Next: 33%
Magic:  6/10       EV: 13    Int: 21    God:
Gold:   30         SH:  0    Dex: 15    Spells: 7/10 levels left

rFire   . . .        (no weapon)
rCold   . . .        (no shield)
rNeg    . . .        a - +0 robe
rPois   .            (no helmet)
rElec   .            (no cloak)
rCorr   .            (no gloves)
SInv    .            (no boots)
Will    +....        (no amulet)
Stlth   ++           (no ring)
HPRegen 0.23/turn    (no ring)
MPRegen 0.12/turn

%: no passive effects
@: enlightened, flying
A: no striking features
a: no special abilities


You were on level 2 of the Dungeon.
You visited 1 branch of the dungeon, and saw 2 of its levels.

You collected 31 gold pieces.
You donated 1 gold pieces to Zin.

Inventory:

Armour
 a - a +0 robe (worn)
Scrolls
 c - a scroll of enchant weapon {unknown}
 d - a scroll of torment {unknown}
 f - a scroll of identify {unknown}
 h - a scroll of poison {unknown}
Potions
 b - a potion of magic
 e - a potion of enlightenment
 g - 3 potions of curing {unknown}


   Skills:
 - Level 2.7 Dodging
 - Level 2.8 Stealth
 + Level 4.0 Spellcasting
 + Level 4.9 Summonings


You had 7 spell levels left.
You knew the following spells:

 Your Spells              Type           Power      Damage    Failure   Level
a - Summon Small Mammal   Summ           100%       N/A       1%          1
b - Call Imp              Summ           50%        N/A       2%          2

Your spell library contained the following spells:

 Spells                   Type           Power      Damage    Failure   Level
 Call Canine Familiar     Summ           25%        N/A       4%          3
 Summon Guardian Golem    Hex/Summ       14%        N/A       13%         3
 Summon Lightning Spire   Summ/Air       14%        N/A       38%         4


Dungeon Overview and Level Annotations

Branches:
Dungeon (2/15)

Altars:
Zin

Shops:
D:1 *

Annotations:
D:2 Robin


Message History

Your cerulean imp hits the goblin with a -2 spear.
Robin closely misses your cerulean imp.
Your quokka bites the goblin.
The goblin dies!
The goblin hits your cerulean imp but does no damage.
Your cerulean imp closely misses the goblin.
Robin barely misses your cerulean imp.
Your quokka bites the goblin.
The goblin misses your cerulean imp. The goblin closely misses your quokka.
The goblin misses your cerulean imp.
Your cerulean imp hits the goblin with a -2 spear.
The goblin dies!
Your quokka closely misses the goblin.
Robin throws the goblin at you!
The goblin hits your cerulean imp but does no damage.
The goblin unwields a +0 dagger.
The goblin wields a +0 sling.
The goblin shoots a sling bullet.
The sling bullet hits your quokka. The goblin hits you with a +0 club.
Your Spellcasting skill increases to level 4!
Casting: Summon Small Mammal (safe; 1% risk of failure)
Confirm with . or Enter, or press ? or * to list all spells.
The goblin no longer looks unusually strong.
Your quokka bites the goblin.
The goblin dies!
Robin throws the goblin at you!
Your cerulean imp hits the goblin with a -2 spear.
The goblin dies!
The goblin hits you with a +0 club.
* * * LOW HITPOINT WARNING * * *
Your quokka bites the hobgoblin.
You closely miss the goblin.
The hobgoblin no longer looks unusually strong.
The goblin hits you with a +0 dagger.
* * * LOW HITPOINT WARNING * * *
Robin roars a battlecry!
The goblins go into a battle-frenzy!
Your cerulean imp hits Robin but does no damage.
Your quokka bites the hobgoblin.
The goblin hits you but does no damage. The hobgoblin misses your quokka.
Your rat bites the goblin.
It was a potion of enlightenment.
You feel very buoyant.
You fly up into the air.
The goblin hits you with a +0 dagger.
You die... gg.g. ggg

#'# #.# #.# ##.##
##...##
#.######gg...###
#..rg@gr)5...#.##
#########.).....##
#..........
##.......##
##...#.## #..####
#.## #.# #.#


You could see Robin (distracted, ally target), a hobgoblin (strong), 2 goblins,
a friendly cerulean imp (summoned), a friendly quokka (summoned) and a friendly
rat (summoned).

Vanquished Creatures (collateral kills)
  A dart slug (D:1)
  A bat (D:1)
  5 endoplasms (D:1)
  A giant cockroach (D:2)
  10 goblins
  5 hobgoblins
  3 jackals (D:1)
  2 ball pythons (D:1)
  A frilled lizard (D:1)
  2 kobolds
  2 rats (D:1)
33 creatures vanquished.

Notes
Turn   | Place    | Note
-------+----------+-------------------------------------------
     0 | D:1      | BinkBink the Deep Elf Summoner began the quest for the Orb.
     0 | D:1      | Reached XP level 1. HP: 10/10 MP: 6/6
   124 | D:1      | Found a faded altar of an unknown god.
   220 | D:1      | Prayed at the altar of an unknown god.
   220 | D:1      | Became a worshipper of Zin the Law-Giver
   220 | D:1      | Reached * piety under Zin
   340 | D:1      | Reached XP level 2. HP: 2/15 MP: 1/8
   503 | D:1      | Found Juepp's General Store.
   899 | D:1      | Learned a level 2 spell: Call Imp
   899 | D:1      | Fell from the grace of Zin
   944 | D:2      | Reached XP level 3. HP: 19/19 MP: 5/10
  1186 | D:2      | Noticed Robin
  1210 | D:2      | Slain by a goblin

Illustrated notes

Levels and vault maps discovered:
D:1:      grunt_arrival_crossed_arrows, layout_rooms, serial_shops,
          nicolae_shop_stone, hellmonk_ecumenical_altar_heavens_door,
          kennysheep_crisscross
D:2:      layout_loops_corners, basic_altar, uniq_natasha, uniq_robin,
          uniq_jessica

Skill      XL: |  1  2  3 |
---------------+----------+-----
Spellcasting   | 4 |  4.0
Dodging        | |  2.7
Stealth        | |  2.8
Summonings     | |  4.9

Action                     || total
---------------------------++-------
  Melee: Unarmed           ||    12
   Cast: Summon Small Mamm ||    58
         Call Imp          ||     4
 Invoke: Renounce Religion ||     1
    Use: Potion            ||     1
   Stab: Distracted        ||     1
 Armour: Robe              ||    31
  Dodge: Dodged            ||    17

Table legend: (Time is in decaauts)
 A = Elapsed time spent in this place.
 B = Non-inter-level travel time spent in this place.
 C = Inter-level travel time spent in this place.
 D = Time resting spent in this place.
 E = Time spent auto-exploring this place.
 F = Levels seen in this place.
 G = Mean time per level.
                   A        B        C        D        E       F      G
               +--------+--------+--------+--------+--------+-----+--------+
         Total |   1209 |   1197 |     12 |      0 |    869 |   2 |  604.5 |
       Dungeon |   1209 |   1197 |     12 |      0 |    869 |   2 |  604.5 |
               +--------+--------+--------+--------+--------+-----+--------+

Top non-repeatable levels by time:
     D:1: 912 daAuts
     D:2: 297 daAuts
